AoeStats
← ska_18

Fortress

508426095Analyzed
3v3 RM · 9d ago on Sep 22, 2026· 79m 24s· 6 players
Game mode
Random Map
Map size
Large (8 player)
Population
200
Speed
Normal
Resources
Standard
Victory
Conquest
Starting age
Dark Age
Ending age
Imperial Age
RankedLock teamsTeams togetherTeam positionsShared explorationLock speedFull tech treeHidden civsTurbo modeCheats
Victory
Defeat
🇺🇸 Slavs · United States
920
+16
🇬🇧 Khmer · United Kingdom
896
+17
🇺🇸 Franks · United States
822
+21
🇨🇳 Chinese · China
995
-20
🇦🇹 Saracens · Austria
915
-18
🇨🇳 Cumans · China
864
-16
im just gettin lucky
6:55 Feudal Age
8:07 Double-Bit Axe
12:39 Castle Age
14:49 Bow Saw
20:12 Stone Mining
21:52 Wheelbarrow
25:54 Imperial Age
24:47 Hand Cart
25:14 Husbandry
27:17 Conscription
26:41 Cavalier
27:34 Chivalry
27:54 Paladin
28:49 Scale Barding Armor
28:55 Forging
29:05 Gold Mining
32:02 Chain Barding Armor
32:18 Iron Casting
40:33 Chemistry
47:06 Caravan
kuro3bb
1:59 Loom
8:26 Feudal Age
12:20 Castle Age
11:42 Scale Barding Armor
11:48 Forging
11:43 Fletching
12:01 Double-Bit Axe
16:18 Wheelbarrow
25:39 Husbandry
28:06 Ballistics
28:06 Padded Archer Armor
28:53 Fortified Wall
29:16 Bow Saw
37:58 Imperial Age
35:46 Hand Cart
35:44 Bodkin Arrow
37:51 Gold Mining
37:52 Stone Mining
38:38 Bloodlines
39:49 Conscription
39:30 Heavy Cavalry Archer
41:10 Parthian Tactics
40:52 Horse Collar
45:03 Bracer
45:40 Elite Battle Elephant
60:52 Caravan
67:53 Iron Casting
67:39 Chain Barding Armor
Helot_boy_Xeones
5:52 Loom
7:38 Feudal Age
6:08 Loom
8:00 Feudal Age
13:12 Castle Age
12:25 Double-Bit Axe
12:22 Horse Collar
14:09 Stone Mining
14:30 Bow Saw
14:21 Heavy Plow
14:15 Gold Mining
17:48 Wheelbarrow
16:58 Town Watch
20:12 Detinets
21:35 Fletching
27:40 Imperial Age
27:49 Hand Cart
28:13 Bodkin Arrow
28:30 Forging
28:56 Conscription
28:12 Pikeman
28:54 Scale Mail Armor
30:30 Iron Casting
30:24 Town Patrol
31:48 Squires
31:08 Halberdier
33:48 Chemistry
33:00 Masonry
33:47 Chain Mail Armor
34:33 Blast Furnace
33:02 Heavy Scorpion
36:05 Gold Shaft Mining
36:31 Two-Man Saw
36:03 Crop Rotation
36:30 Husbandry
36:40 Bloodlines
35:51 Light Cavalry
36:38 Scale Barding Armor
38:02 Hoardings
41:11 Plate Mail Armor
40:59 Fortified Wall
40:44 Murder Holes
40:54 Siege Engineers
40:46 Hussar
47:05 Caravan
49:27 Druzhina
51:35 Coinage
54:26 Banking
58:44 Capped Ram
60:14 Siege Ram
cjf_1
8:16 Feudal Age
14:45 Castle Age
12:46 Double-Bit Axe
12:55 Horse Collar
13:29 Gold Mining
13:32 Stone Mining
17:18 Gold Shaft Mining
17:21 Stone Shaft Mining
16:49 Heavy Plow
17:01 Bow Saw
18:27 Wheelbarrow
28:19 Imperial Age
26:34 Ballistics
26:08 Fletching
25:48 Elite Skirmisher
28:04 Squires
27:26 Pikeman
29:27 Conscription
28:37 Capped Ram
32:15 Padded Archer Armor
33:18 Chemistry
32:01 Halberdier
33:59 Elite Chu Ko Nu
36:12 Heavy Rocket Cart
37:41 Leather Archer Armor
37:22 Bodkin Arrow
37:25 Murder Holes
44:43 Ring Archer Armor
45:53 Masonry
53:53 Bracer
54:04 Forging
53:56 Scale Mail Armor
59:31 Arson
63:12 Siege Ram
68:33 Bloodlines
68:26 Husbandry
72:04 Architecture
71:54 Chain Mail Armor
xxzxg_Nono
5:54 Feudal Age
8:37 Double-Bit Axe
8:34 Horse Collar
10:48 Wheelbarrow
10:49 Man-at-Arms
20:55 Castle Age
20:45 Forging
22:05 Bow Saw
21:57 Heavy Plow
22:16 Hand Cart
21:47 Pikeman
22:28 Squires
22:11 Elite Skirmisher
22:58 Scale Mail Armor
24:18 Thumb Ring
24:49 Capped Ram
25:46 Gold Mining
26:25 Steppe Husbandry
27:28 Chain Mail Armor
28:04 Fletching
28:41 Ballistics
31:32 Imperial Age
30:31 Iron Casting
30:38 Padded Archer Armor
30:35 Bodkin Arrow
31:41 Padded Archer Armor
34:35 Parthian Tactics
34:24 Masonry
35:04 Conscription
35:29 Plate Mail Armor
35:30 Fervor
36:34 Two-Man Saw
36:15 Gold Shaft Mining
37:05 Caravan
ska_18
7:35 Feudal Age
12:56 Castle Age
10:42 Loom
11:06 Double-Bit Axe
11:20 Horse Collar
15:11 Wheelbarrow
14:58 Bow Saw
15:41 Town Watch
18:05 Forging
19:49 Hand Cart
20:34 Gold Mining
20:34 Stone Mining
21:49 Heavy Plow
22:25 Gold Shaft Mining
22:52 Fervor
26:56 Imperial Age
26:01 Iron Casting
25:31 Scale Barding Armor
25:18 Fletching
26:28 Scale Barding Armor
27:11 Bodkin Arrow
29:11 Chemistry
27:53 Treadmill Crane
28:09 Murder Holes
29:11 Conscription
29:44 Chain Barding Armor
29:40 Elite Mameluke
30:56 Hoardings
30:31 Bimaristan
30:38 Caravan
31:09 Coinage
31:24 Town Patrol
32:28 Two-Man Saw
32:05 Bimaristan
33:11 Chain Barding Armor
33:52 Blast Furnace
33:10 Bloodlines
33:00 Husbandry
32:20 Light Cavalry
35:29 Plate Barding Armor
34:54 Bracer
35:06 Masonry
35:02 Siege Engineers
35:42 Fortified Wall
36:40 Ballistics
37:25 Fortified Wall
40:33 Banking
41:37 Sanctity
50:06 Hussar
50:38 Guard Tower
50:33 Arrowslits
Connection lost

Rejoining the realm…

Still unreachable

The connection could not be restored.

Session expired

The server has moved on; the page needs a fresh start.